 Dungeon Sprint DCSS version 0.20-a0-833-gc632bec (webtiles) character file.

315 Kidiri the Covered (level 6, -3/44 HPs)
             Began as a Gargoyle Fighter on Mar 7, 2017.
             Was a Follower of Okawaru.
             Slain by an orc warrior
             ... wielding a +0 scimitar
              (14 damage)
             ... in the Dungeon (Sprint IX: "|||||||||||||||||||||||||||||").
             The game lasted 00:02:03 (417 turns).

Kidiri the Covered (Gargoyle Fighter)                Turns: 417, Time: 00:02:05

Health: -3/44      AC: 22    Str: 23    XL:     6   Next: 43%
Magic:  6/6        EV:  6    Int:  9    God:    Okawaru [*.....]
Gold:   0          SH: 11    Dex: 10    Spells: 5/5 levels left

rFire    . . .     SeeInvis .   b - +0 flail
rCold    . . .     Gourm    .   s - +0 plate armour
rNeg     + . .     Faith    .   c - +0 shield
rPois    ∞         Spirit   .   r - +0 helmet
rElec    +         Reflect  .   (no cloak)
rCorr    .         Harm     .   (no gloves)
MR       .....     NoTele   +   a - +0 pair of boots
Stlth    ..........             (no amulet)
Regen    0.2/turn               u - +3 ring of strength
MPRegen  0.1/turn               t - +2 ring of protection

@: no status effects
A: negative energy resistance 1, electricity resistance, unbreathing,
petrification resistance, rot immunity, AC +4
a: Heroism, Renounce Religion


You were in the Dungeon.
You worshipped Okawaru.
Okawaru was aware of your devotion.
You were not hungry.

You visited 1 branch

Inventory:

Hand Weapons
 b - a +0 flail (weapon)
Armour
 a - a +0 pair of boots (worn)
 c - a +0 shield (worn)
 r - a +0 helmet (worn)
 s - a +0 plate armour (worn)
Jewellery
 t - a +2 ring of protection (left hand)
 u - a +3 ring of strength (right hand)
Wands
 p - a wand of iceblast (7/15)
Scrolls
 k - 2 scrolls of blinking
 n - 3 scrolls of remove curse
 o - 2 scrolls of amnesia
Potions
 d - a potion of might
 e - 5 potions of curing
 g - 3 potions of heal wounds
 h - a potion of haste
 i - 4 potions of magic
 j - a potion of berserk rage
 m - a potion of invisibility
Comestibles
 f - a bread ration


   Skills:
 * Level 7.6 Fighting
 * Level 6.3 Maces & Flails
 * Level 7.7 Armour
 + Level 3.1 Dodging
 * Level 7.5 Shields


You had 5 spell levels left.
You didn't know any spells.

Dungeon Overview and Level Annotations

Branches:
Dungeon (1/1)

Altars:
Cheibriados
Dithmenos
Elyvilon
Fedhas
Gozag
Hepliaklqana
Kikubaaqudgha
Makhleb
Nemelex Xobeh
Okawaru
Qazlal
Ru
Sif Muna
Trog
Uskayaw
Vehumet
Wu Jian
Xom
Yredelemnul
Zin
The Shining One
Beogh
Jiyva
Lugonu


Innate Abilities, Weirdness & Mutations

You are resistant to torment.
Your stone body is resilient. (AC +4)
You are immune to poison.
You resist negative energy. (rN+)
You are resistant to electric shocks. (rElec)
You can survive without breathing.
You are immune to petrification.
You are immune to rotting.


Message History

The adder is severely wounded.
You block the adder's attack.
You sock the adder!
You kill the adder!
Okawaru accepts your kill. The bat zombie barely misses you.
The bat zombie hits you but does no damage. x2
You hit the bat zombie.
The bat zombie is heavily damaged.
The bat zombie hits you but does no damage.
You block the bat zombie's attack. x2
You sock the bat zombie!
You destroy the bat zombie!
Okawaru accepts your kill.
You hit the orc warrior but do no damage.
The orc warrior hits you with a scimitar!
* * * LOW HITPOINT WARNING * * *
You barely miss the orc warrior.
The orc warrior hits you with a scimitar!
You die...

▓.▓
▓.▓
▓.▓
▓.▓
▓.▓
▓.▓
▓o▓
▓@▓
▓.▓
▓.▓
▓.▓
▓.▓
▓)▓
▓|▓
▓.▓
▓.▓


You could see an orc warrior.

Vanquished Creatures
  A black bear (D)
  An ogre (D)
  A killer bee (D)
  A hound (D)
  A jelly (D)
  A worker ant (D)
  An adder (D)
  An adder skeleton (D)
  A bat zombie (D)
  A goblin (D)
  A ball python zombie (D)
  A bat (D)
  3 kobolds (D)
15 creatures vanquished.

Notes
Turn   | Place    | Note
-------+----------+-------------------------------------------
     0 | D        | Kidiri the Gargoyle Fighter began the quest for the Orb.
     0 | D        | Reached XP level 1. HP: 14/14 MP: 1/1
   128 | D        | Noticed a worker ant
   128 | D        | Noticed an ogre
   128 | D        | Noticed a hound
   136 | D        | Killed a hound
   136 | D        | Reached skill level 1 in Dodging
   136 | D        | Reached XP level 2. HP: 15/20 MP: 2/2
   136 | D        | Reached XP level 3. HP: 19/25 MP: 3/3
   141 | D        | Killed an ogre
   141 | D        | Reached skill level 5 in Fighting
   141 | D        | Reached skill level 5 in Shields
   141 | D        | Reached XP level 4. HP: 15/32 MP: 4/4
   141 | D        | Reached XP level 5. HP: 17/36 MP: 5/5
   160 | D        | Found a roughly hewn altar of Beogh.
   160 | D        | Found a snail-covered altar of Cheibriados.
   160 | D        | Found a shadowy altar of Dithmenos.
   160 | D        | Found a white marble altar of Elyvilon.
   160 | D        | Found a blossoming altar of Fedhas.
   160 | D        | Found an opulent altar of Gozag.
   161 | D        | Found a hazy altar of Hepliaklqana.
   162 | D        | Found a viscous altar of Jiyva.
   163 | D        | Found an ancient bone altar of Kikubaaqudgha.
   164 | D        | Found a corrupted altar of Lugonu.
   165 | D        | Found a burning altar of Makhleb.
   166 | D        | Found a sparkling altar of Nemelex Xobeh.
   167 | D        | Found an iron altar of Okawaru.
   168 | D        | Found a stormy altar of Qazlal.
   169 | D        | Found a sacrificial altar of Ru.
   170 | D        | Found a deep blue altar of Sif Muna.
   171 | D        | Found a bloodstained altar of Trog.
   172 | D        | Found a hide-covered altar of Uskayaw.
   173 | D        | Found a radiant altar of Vehumet.
   174 | D        | Found an ornate altar of the Wu Jian Council.
   175 | D        | Became a worshipper of Warmaster Okawaru
   310 | D        | Found a shimmering altar of Xom.
   311 | D        | Found a basalt altar of Yredelemnul.
   312 | D        | Found a glowing silver altar of Zin.
   313 | D        | Found a glowing golden altar of the Shining One.
   378 | D        | Noticed an orc warrior
   378 | D        | Noticed a black bear
   387 | D        | Killed a black bear
   387 | D        | Reached skill level 5 in Maces & Flails
   387 | D        | Reached XP level 6. HP: 36/44 MP: 6/6
   410 | D        | Reached * piety under Okawaru
   417 | D        | Slain by an orc warrior

Vault maps used:
D:        linesprint

Skill      XL: |  1  2  3  4  5  6 |
---------------+-------------------+-----
Armour         | 4 6 7 |  7.7
Fighting       | 4 5 7 |  7.6
Maces & Flails | 3 4 5 6 |  6.3
Dodging        | 1 2 3 |  3.1
Shields        | 4 5 7 |  7.5

Action                   |  1- 3 |  4- 6 || total
-------------------------+-------+-------++-------
Melee: Flail             |    37 |    49 ||    86
Armor: Scale mail        |    14 |     6 ||    20
       Plate armour      |       |    29 ||    29
Dodge: Dodged            |    15 |    19 ||    34
Block: Shield            |    18 |    32 ||    50
